 Dungeon Crawl Stone Soup version 0.27-a0-1193-g8631133539 (webtiles) character file.

Game seed: 13438458363736532478

37 Essalna the Magician (level 3, 0/27 HPs)
             Began as a Djinni Venom Mage on May 26, 2021.
             Slain by a worm (4 damage)
             ... on level 2 of the Dungeon.
             The game lasted 00:02:16 (1718 turns).

Essalna the Magician (Djinni Venom Mage)            Turns: 1718, Time: 00:02:16

Health: 0/27       AC:  2    Str:  7    XL:     3   Next: 62%
Gold:   53         EV: 12    Int: 17    God:
                   SH:  0    Dex: 13

rFire    + + .     SeeInvis .   (no weapon)
rCold    x . .     Faith    .   (no shield)
rNeg     . . .     Spirit   .   a - +0 robe
rPois    ∞         Reflect  .   (no helmet)
rElec    .         Harm     .   (no cloak)
rCorr    .         Rampage  .   (no gloves)
Will     .....                  (boots unavailable)
Stlth    ++........             (no amulet)
HPRegen  0.09/turn              (no ring)
MPRegen  0.00/turn              (no ring)

@: flying
A: sickness immunity, fire resistance 2, cold vulnerability 1, float, innate
caster, hp casting, extra vitality 1
a: no special abilities


You were on level 2 of the Dungeon.
You visited 1 branch of the dungeon, and saw 3 of its levels.

You collected 53 gold pieces.

Inventory:

Armour
 a - a +0 robe (worn)
Jewellery
 g - an amulet of faith
 i - an amulet of guardian spirit
Potions
 c - a potion of heal wounds {unknown}
 d - a potion of haste {unknown}
 e - 2 potions of attraction {unknown}
 h - a potion of flight {unknown}
 j - a potion of berserk rage {unknown}


   Skills:
 + Level 1.4 Fighting
 - Level 2.4 Dodging
 - Level 1.8 Stealth
 + Level 2.9 Spellcasting


You couldn't memorise any spells.
You knew the following spells:

 Your Spells              Type           Power      Damage    Failure   Level
a - Sting                 Tmut/Pois      48%        1d5       5%          1
b - Poisonous Vapours     Pois/Air       24%        N/A       8%          2
c - Mephitic Cloud        Conj/Pois/Air  12%        N/A       16%         3
d - Ignite Poison         Fire/Tmut/Pois 12%        N/A       16%         3
e - Olgreb's Toxic Radia  Pois           12%        N/A       45%         4
f - Corona                Hex            13%        N/A       5%          1
Your spell library was empty.

Dungeon Overview and Level Annotations

Branches:
Dungeon (3/15)

Altars:


Innate Abilities, Weirdness & Mutations

You are immune to sickness and miasma.
You are immune to poison.
Your flesh is very heat resistant. (rF++)
You are vulnerable to cold. (rC-)
You float through the air rather than walking.
You learn spells naturally, not from books.
Your magical power is your life essence.
You have superior vitality. (+4 HP)


Message History

Press: ? - help, Shift-Dir - straight line, f/p - rat
Aim: a rat (heavily wounded, poisoned, 71% to hit)
The sting hits the rat but does no damage.
The rat looks even sicker.
The rat is heavily wounded.
* * * LOW HITPOINT WARNING * * *
Casting: Sting (safe; 5% risk of failure)
Confirm with . or Enter, or press ? or * to list all spells.
Aiming: Sting (safe; 5% risk of failure)
Press: ? - help, Shift-Dir - straight line, f/p - rat
Aim: a rat (heavily wounded, very poisoned, 71% to hit)
The sting hits the rat but does no damage.
The rat looks even sicker.
The rat is heavily wounded.
* * * LOW HITPOINT WARNING * * *
The rat closely misses you.
Casting: Sting (safe; 5% risk of failure)
Confirm with . or Enter, or press ? or * to list all spells.
Aiming: Sting (safe; 5% risk of failure)
Press: ? - help, Shift-Dir - straight line, f/p - rat
Aim: a rat (heavily wounded, very poisoned, 71% to hit)
The sting hits the rat.
The rat looks as sick as possible!
You kill the rat!
* * * LOW HITPOINT WARNING * * *
You see here a rat corpse.
i - an amulet of guardian spirit You see here a rat corpse.
There is a stone staircase leading up here.
j - a smoky puce potion
As you read the scroll labelled CUSEDW TAVUKU, it crumbles to dust.
You hear a loud clanging noise!
It was a scroll of noise.
You hear a shout!
You hear an angry hiss.
As you read the scroll labelled DOBBOGRAMU, it crumbles to dust.
You assume a fearsome visage.
Nothing appears to happen.
It was a scroll of fear.
An adder comes into view.
There is a stone staircase leading up here.
You fly upwards.
The rat closely misses you. The worm bites you.
You die...

########## #........#
#........# #........#
#........# #.#############
#.##..........##
###†#............##
###............@r...#
...............w.....#
####.................#########
#.................##......#
#.................##......#
#...#............###......#
#....##..........###.......#
.....#######.####..........#
.. ####....†...†..########


You could see a worm and a rat.

Vanquished Creatures
  An adder (D:2)
  A dart slug (D:1)
  2 ball pythons (D:1)
  2 endoplasms (D:1)
  A giant cockroach (D:1)
  2 goblins (D:1)
  4 hobgoblins
  A kobold (D:1)
  2 quokkas
  2 bats
  A frilled lizard (D:1)
  6 rats
25 creatures vanquished.

Notes
Turn   | Place    | Note
-------+----------+-------------------------------------------
     0 | D:1      | Essalna the Djinni Venom Mage began the quest for the Orb.
     0 | D:1      | Reached XP level 1. HP: 15/15 MP: 0/0
   409 | D:1      | Reached XP level 2. HP: 18/21 MP: 0/0
   633 | D:1      | Found a faded altar of an unknown god.
  1184 | D:1      | Reached XP level 3. HP: 23/26 MP: 0/0
  1184 | D:1      | Learned a level 1 spell: Corona
  1193 | D:1      | Reached skill level 1 in Fighting
  1718 | D:2      | Slain by a worm

Illustrated notes

Levels and vault maps discovered:
D:1:      lemuel_arrival_funnel, layout_loops_cross,
          hellmonk_ecumenical_altar_run_dry, minmay_domino_2
D:2:      layout_rooms
D:3:      layout_basic, okawaru_metal_pillars_1_2, portal_sewer_entry_c,
          uniq_crazy_yiuf_cottage

Skill      XL: |  1  2  3 |
---------------+----------+-----
Fighting       | 1 |  1.4
Dodging        | |  2.4
Stealth        | |  1.8
Spellcasting   | |  2.9

Action                   || total
-------------------------++-------
Melee: Unarmed           ||     3
 Cast: Sting             ||    63
  Use: Scroll            ||     2
Armor: Robe              ||     5
Dodge: Dodged            ||    23

Table legend: (Time is in decaauts)
 A = Elapsed time spent in this place.
 B = Non-inter-level travel time spent in this place.
 C = Inter-level travel time spent in this place.
 D = Time resting spent in this place.
 E = Time spent auto-exploring this place.
 F = Levels seen in this place.
 G = Mean time per level.
                   A        B        C        D        E       F      G
               +--------+--------+--------+--------+--------+-----+--------+
         Total |   1717 |   1666 |     51 |      0 |   1491 |   3 |  572.3 |
       Dungeon |   1717 |   1666 |     51 |      0 |   1491 |   3 |  572.3 |
               +--------+--------+--------+--------+--------+-----+--------+

Top non-repeatable levels by time:
     D:1: 1450 daAuts
     D:2: 245 daAuts
     D:3: 21 daAuts
